 Dungeon Sprint DCSS version 0.29-a0-512-gf59ac788ac (webtiles) character file.

Game seed: 4377747997421823435

35764 mhtbhm the Wrestler (level 13, -11/157 HPs)
             Began as a Green Draconian Transmuter on May 29, 2022.
             Was an Initiate of Gozag.
             Mangled by an entropy weaver simulacrum (19 damage)
             ... in the Dungeon (Sprint IX: "|||||||||||||||||||||||||||||").
             The game lasted 00:10:39 (5351 turns).

mhtbhm the Wrestler (Green Draconian Transmuter)    Turns: 5351, Time: 00:10:40

Health: -11/157    AC: 10    Str: 26    XL:     13   Next: 49%
Magic:  27/31      EV: 15    Int: 18    God:    Gozag
Gold:   8241       SH:  0    Dex: 12    Spells: 5/40 levels left

rFire   . . .      SeeInvis .     - Unarmed
rCold   . . .      Faith    .   (shield currently unavailable)
rNeg    . . .      Spirit   .   (body armour unavailable)
rPois   +          Reflect  .   (helmet currently unavailable)
rElec   .          Harm     .   (cloak currently unavailable)
rCorr   .          Rampage  .   (gloves currently unavailable)
Will    .....      NoTele   +   (boots currently unavailable)
Stlth   +++++.....              (no amulet)
HPRegen 0.36/turn               u - +4 ring of evasion
MPRegen 0.22/turn               l - +3 ring of intelligence

@: dragon-form, corroded, gold aura, flying
A: dragon claw, dragon scales, flying, boosted hp, breathe noxious fumes, AC +8,
giant, unfitting armour, (poison resistance), (cold-blooded)
a: Breathe Noxious Fumes, End Transformation, Renounce Religion, Potion
Petition, Call Merchant, Bribe Branch


You were in the Dungeon.
You worshipped Gozag.
Gozag was greatly pleased with you.
You were a fearsome swamp dragon!
You visited 1 branch You collected 11053 gold pieces.
You spent 2100 gold pieces at shops.
You paid 712 gold pieces to Gozag.

Inventory:

Armour
 j - a +1 pair of gloves (melded)
 s - a +0 cloak (melded)
Jewellery
 k - a +3 ring of strength
 l - a +3 ring of intelligence (right foreclaw)
 u - a +4 ring of evasion (left foreclaw)
 v - a ring of protection from fire
 w - a ring of see invisible
Wands
 i - a wand of iceblast (6)
 t - a wand of charming (3)
Scrolls
 h - 2 scrolls of amnesia
 n - a scroll of magic mapping
 o - 4 scrolls of enchant armour
 p - 3 scrolls of fog
 q - 4 scrolls of enchant weapon
 r - a scroll of brand weapon
 x - 2 scrolls of blinking
Potions
 a - a potion of lignification
 b - a potion of invisibility
 c - 10 potions of heal wounds
 d - 2 potions of resistance
 e - 4 potions of magic
 f - 2 potions of curing
 g - a potion of flight {unknown}
 m - 2 potions of might
 z - a potion of mutation


   Skills:
 + Level 7.1 Fighting
 + Level 10.4 Dodging
 + Level 11.1 Stealth
 + Level 24.2 Unarmed Combat
 + Level 14.3 Spellcasting
 + Level 14.1 Transmutations
 + Level 8.0 Ice Magic
 + Level 2.7 Poison Magic
 + Level 3.4 Evocations


You had 5 spell levels left.
You knew the following spells:

 Your Spells              Type           Power      Damage    Failure   Level
a - Beastly Appendage     Tmut           100%       N/A       0%          1
b - Wereblood             Tmut           59%        N/A       1%          2
c - Spider Form           Tmut/Pois      43%        N/A       1%          3
d - Ice Form              Ice/Tmut       51%        N/A       1%          4
e - Dragon Form           Tmut           29%        N/A       13%         7
f - Statue Form           Tmut/Erth      25%        N/A       41%         6
g - Storm Form            Tmut/Air       19%        N/A       94%         7
h - Blade Hands           Tmut           29%        N/A       1%          5

Your spell library contained the following spells:

 Spells                   Type           Power      Damage    Failure   Level
 Ozocubu's Armour         Ice            41%        N/A       1%          3
 Hailstorm                Conj/Ice       27%        3d7       10%         4
 Portal Projectile        Hex/Tloc       24%        N/A       16%         3
 Tukima's Dance           Hex            12%        N/A       16%         3
 Leda's Liquefaction      Hex/Erth       6%         N/A       45%         4
 Lee's Rapid Deconstruct  Erth           6%         3d7*      82%         5
 Ozocubu's Refrigeration  Ice            20%        4d9       85%         7
 Corpse Rot               Necr/Pois/Air  Unusable   N/A       N/A         4
 Simulacrum               Ice/Necr       Unusable   N/A       N/A         6

Dungeon Overview and Level Annotations

Branches:
Dungeon (1/1)

Altars:
Cheibriados
Dithmenos
Elyvilon
Fedhas
Gozag
Hepliaklqana
Kikubaaqudgha
Makhleb
Nemelex Xobeh
Okawaru
Qazlal
Ru
Sif Muna
Trog
Uskayaw
Vehumet
Wu Jian
Xom
Yredelemnul
Zin
The Shining One
Beogh
Jiyva
Lugonu

Shops:
D :(:[:


Innate Abilities, Weirdness & Mutations

You are a fearsome swamp dragon!
You have a powerful clawing attack.
Your giant scaled body is strong and resiliant, but less evasive.
Your breath weapon is enhanced in this form.
You are flying.
Your maximum health is greatly increased.
Your armour is entirely melded.
You are incapable of wielding weapons or throwing items.
You can breathe blasts of noxious fumes.
Your lurid green scales are hard. (AC +8)
You cannot fit into any form of body armour.
((Your system is resistant to poisons. (rPois)))
((You are cold-blooded and may be slowed by cold attacks.))


Message History

You are engulfed in freezing vapours.
The entropy weaver gestures at you while chanting.
The entropic weave corrodes you!
You closely miss the entropy weaver.
Your tail-slap misses the entropy weaver.
Your claw misses the entropy weaver.
The entropy weaver is heavily wounded.
You are engulfed in freezing vapours.
* * * LOW HITPOINT WARNING * * *
The entropy weaver hits you but does no damage.
The entropy weaver hits you.
* * * LOW HITPOINT WARNING * * *
The entropy weaver closely misses you. The entropy weaver hits you!
* * * LOW HITPOINT WARNING * * *
You maul the entropy weaver!!!
You kill the entropy weaver!
A freezing mist starts to gather...
An entropy weaver simulacrum comes into view.
You are engulfed in freezing vapours.
* * * LOW HITPOINT WARNING * * *
The barbed spikes dig painfully into your body as you move.
* * * LOW HITPOINT WARNING * * *
The barbed spikes snap loose.
You see here 45 gold pieces.
Unknown command.
You claw the entropy weaver simulacrum!
You tail-slap the entropy weaver simulacrum, but do no damage.
You claw the entropy weaver simulacrum, but do no damage.
You bite the entropy weaver simulacrum.
The entropy weaver simulacrum is heavily damaged.
You bite the entropy weaver simulacrum!!
You tail-slap the entropy weaver simulacrum.
The entropy weaver simulacrum is almost destroyed.
The entropy weaver simulacrum hits you but does no damage. x2
The entropy weaver simulacrum misses you.
The entropy weaver simulacrum hits you!
* * * LOW HITPOINT WARNING * * *
The entropy weaver simulacrum freezes you!!
You die...
Your body crumbles into a pile of gold.

▓▓▓▓▓▓▓▓▓▓▓▓▓▓▓▓▓▓▓▓▓♣
+....DZ..$$..).)).).).
▓▓▓▓▓▓▓▓▓▓▓▓▓▓▓▓▓▓▓▓▓▓▓▓▓▓▓▓▓▓▓▓♣
.................................
▓▓▓▓▓▓▓▓▓▓▓▓▓▓▓▓▓▓▓▓▓▓▓▓▓▓▓▓▓▓▓▓▓
..)).(.[)))..)'..........[[[[[[[[
▓▓▓▓▓▓▓▓▓▓▓▓▓▓▓▓▓▓▓▓▓▓▓▓▓▓▓▓▓▓▓▓▓
.................................
▓▓▓▓▓▓▓▓▓▓▓▓▓▓▓▓▓▓▓▓▓▓▓▓▓▓▓▓▓▓▓▓▓
..).∩.∩.∩.∩.).).).).))))).))))..)


You could see an entropy weaver simulacrum.

Vanquished Creatures
  A nagaraja (D)
  2 fire giants (D)
  A stone giant (D)
  3 bunyips (D)
  An eleionoma (D)
  An entropy weaver (D)
  2 hydras (D)
  A spriggan air mage (D)
  An ogre mage (D)
  An alligator (D)
  A two-headed ogre (D)
  A centaur warrior (D)
  An orc high priest (D)
  An anaconda (D)
  A tengu warrior (D)
  A deep troll shaman (D)
  2 naga sharpshooters (D)
  A shock serpent (D)
  2 pharaoh ants (D)
  A skeletal warrior (D)
  A glowing orange brain (D)
  A goliath frog (D)
  A steelbarb worm (D)
  3 swamp dragons (D)
  A necromancer (D)
  7 orc knights (D)
  An orc sorcerer (D)
  A wolf spider (D)
  2 ugly things (D)
  A manticore (D)
  A black mamba (shapeshifter) (D)
  A moth of wrath (D)
  3 black mambas (D)
  Maurice (D)
  2 naga magi (D)
  4 cane toads (D)
  A gargoyle (D)
  A rime drake (D)
  An unseen horror (D)
  A demonic crawler (D)
  4 komodo dragons (D)
  A slime creature (D)
  3 blink frogs (D)
  A tyrant leech (D)
  2 wraiths (D)
  2 yaks (D)
  2 culicivoras (D)
  Eustachio (D)
  2 basilisks (D)
  A vampire (D)
  An acid dragon (D)
  5 water moccasins (D)
  17 orc warriors (D)
  A black bear (D)
  5 bullfrogs (D)
  An orc priest (D)
  A hound (D)
  A dart slug (D)
  10 orcs (D)
  2 endoplasms (D)
  A giant cockroach (D)
  A goblin (D)
  2 quokkas (D)
128 creatures vanquished.

Vanquished Creatures (collateral kills)
  2 orc wizards (D)
2 creatures vanquished.

Grand Total: 130 creatures vanquished

Notes
Turn   | Place    | Note
-------+----------+-------------------------------------------
     0 | D        | mhtbhm the Draconian Transmuter began the quest for the
                  | Orb.
     0 | D        | Reached XP level 1. HP: 16/16 MP: 3/3
    23 | D        | Reached skill level 4 in Unarmed Combat
   245 | D        | Noticed a hound
   245 | D        | Noticed a water moccasin
   245 | D        | Noticed a water moccasin
   251 | D        | Reached XP level 2. HP: 15/23 MP: 3/5
   254 | D        | Killed a water moccasin
   255 | D        | Reached skill level 7 in Unarmed Combat
   255 | D        | Reached XP level 3. HP: 15/28 MP: 3/8
   255 | D        | Reached XP level 4. HP: 19/35 MP: 3/10
   261 | D        | Killed a water moccasin
   262 | D        | Reached skill level 1 in Stealth
   262 | D        | Reached skill level 9 in Unarmed Combat
   262 | D        | Reached skill level 5 in Spellcasting
   262 | D        | Reached XP level 5. HP: 9/40 MP: 4/12
   264 | D        | HP: 1/40 [poisoned by a water moccasin]
   483 | D        | Learned a level 2 spell: Wereblood
   487 | D        | Learned a level 3 spell: Spider Form
   492 | D        | Learned a level 4 spell: Ice Form
   497 | D        | Found a snail-covered altar of Cheibriados.
   497 | D        | Found a shadowy altar of Dithmenos.
   497 | D        | Found a white marble altar of Elyvilon.
   497 | D        | Found a blossoming altar of Fedhas.
   497 | D        | Found an opulent altar of Gozag.
   498 | D        | Found a hazy altar of Hepliaklqana.
   499 | D        | Found a viscous altar of Jiyva.
   500 | D        | Found an ancient bone altar of Kikubaaqudgha.
   501 | D        | Found a corrupted altar of Lugonu.
   502 | D        | Found a burning altar of Makhleb.
   503 | D        | Found a sparkling altar of Nemelex Xobeh.
   504 | D        | Found an iron altar of Okawaru.
   505 | D        | Found a stormy altar of Qazlal.
   506 | D        | Found a sacrificial altar of Ru.
   509 | D        | Became a worshipper of Gozag Ym Sagoz the Greedy
   512 | D        | Found a shimmering blue altar of Sif Muna.
   513 | D        | Found a bloodstained altar of Trog.
   514 | D        | Found a hide-covered altar of Uskayaw.
   515 | D        | Found a radiant altar of Vehumet.
   516 | D        | Found an ornate altar of the Wu Jian Council.
   517 | D        | Found a shimmering altar of Xom.
   518 | D        | Found a basalt altar of Yredelemnul.
   519 | D        | Found a glowing silver altar of Zin.
   520 | D        | Found a glowing golden altar of the Shining One.
   550 | D        | Noticed a vampire
   550 | D        | Noticed a two-headed ogre
   550 | D        | Noticed an acid dragon
   550 | D        | Noticed a komodo dragon
   550 | D        | Noticed an orc warrior
   550 | D        | Noticed a yak
   559 | D        | Killed a yak
   560 | D        | Reached skill level 10 in Unarmed Combat
   560 | D        | Reached skill level 5 in Transmutations
   560 | D        | Reached skill level 1 in Ice Magic
   560 | D        | Reached XP level 6. HP: 47/47 MP: 1/15
   561 | D        | Killed an orc warrior
   562 | D        | Reached skill level 11 in Unarmed Combat
   570 | D        | Killed a komodo dragon
   571 | D        | Reached skill level 5 in Dodging
   571 | D        | Reached skill level 12 in Unarmed Combat
   571 | D        | Your scales start taking on a lurid green colour.
   571 | D        | Reached XP level 7. HP: 37/52 MP: 2/17
   571 | D        | Gained mutation: Your system is resistant to poisons.
                  | (rPois) [Green Draconian growth]
   714 | D        | Killed a two-headed ogre
   715 | D        | Reached skill level 13 in Unarmed Combat
   715 | D        | Reached XP level 8. HP: 59/59 MP: 13/19
   724 | D        | Reached skill level 14 in Unarmed Combat
  1178 | D        | Noticed a centaur warrior
  1178 | D        | Noticed a gargoyle
  1178 | D        | Noticed a manticore
  1185 | D        | Killed a manticore
  1190 | D        | Reached XP level 9. HP: 68/68 MP: 14/21
  1194 | D        | Killed an unseen horror
  1195 | D        | Reached skill level 15 in Unarmed Combat
  1195 | D        | Killed a gargoyle
  1200 | D        | Killed a centaur warrior
  1461 | D        | Noticed a komodo dragon
  1461 | D        | Noticed a black mamba
  1461 | D        | Noticed a cane toad
  1468 | D        | Killed a cane toad
  1469 | D        | Reached skill level 16 in Unarmed Combat
  1469 | D        | Reached skill level 5 in Ice Magic
  1470 | D        | Killed a komodo dragon
  1472 | D        | Reached XP level 10. HP: 62/78 MP: 17/23
  1472 | D        | Killed a black mamba
  1568 | D        | Noticed a six-headed hydra
  1568 | D        | Noticed a five-headed hydra
  1568 | D        | Noticed a cane toad
  1580 | D        | Killed a cane toad
  1581 | D        | Reached skill level 17 in Unarmed Combat
  1581 | D        | Reached skill level 10 in Spellcasting
  1586 | D        | Killed a five-headed hydra
  1587 | D        | Reached skill level 5 in Fighting
  1856 | D        | Reached skill level 10 in Transmutations
  1859 | D        | Killed a six-headed hydra
  1860 | D        | Reached skill level 5 in Stealth
  1860 | D        | Reached skill level 18 in Unarmed Combat
  2310 | D        | Noticed a cane toad
  2315 | D        | Noticed a cane toad
  2317 | D        | Reached XP level 11. HP: 88/88 MP: 18/25
  2512 | D        | Noticed Maurice
  2526 | D        | Killed Maurice
  3079 | D        | Noticed an orc high priest
  3079 | D        | Noticed an orc sorcerer
  3081 | D        | Noticed an orc knight
  3082 | D        | Killed an orc sorcerer
  3083 | D        | Reached skill level 19 in Unarmed Combat
  3090 | D        | Killed an orc high priest
  3102 | D        | Killed an orc knight
  3311 | D        | Found Voengat's Armour Boutique.
  3311 | D        | Noticed an orc knight
  3311 | D        | Noticed an orc knight
  3311 | D        | Noticed an orc knight
  3312 | D        | Noticed an orc knight
  3315 | D        | Killed an orc knight
  3316 | D        | Noticed an orc knight
  3317 | D        | Found Avo Haiwk's Book Shop.
  3319 | D        | Killed an orc knight
  3732 | D        | Killed an orc knight
  3733 | D        | Reached skill level 20 in Unarmed Combat
  3764 | D        | Killed an orc knight
  3888 | D        | Killed an orc knight
  4149 | D        | Found Ycwouz's Antique Weapon Boutique.
  4153 | D        | Found Pusson's Book Shop.
  4159 | D        | Noticed an orc knight
  4171 | D        | Killed an orc knight
  4267 | D        | Bought Eringya's Reference Book on Poison and
                  | Transmigration for 462 gold pieces
  4267 | D        | Bought a book of the Tundra for 374 gold pieces
  4267 | D        | Bought Ozocubu's Autobiography for 264 gold pieces
  4271 | D        | Bought a book of the Earth for 468 gold pieces
  4384 | D        | Noticed Eustachio
  4394 | D        | Killed Eustachio
  4514 | D        | Learned a level 7 spell: Dragon Form
  4521 | D        | Learned a level 6 spell: Statue Form
  4529 | D        | Learned a level 7 spell: Storm Form
  4566 | D        | Noticed a cyan ugly thing
  4566 | D        | Noticed an ogre mage
  4566 | D        | Noticed a green ugly thing
  4568 | D        | Killed a green ugly thing
  4569 | D        | Reached skill level 1 in Evocations
  4569 | D        | Noticed a tengu warrior
  4570 | D        | Killed an ogre mage
  4571 | D        | Reached skill level 1 in Poison Magic
  4571 | D        | Reached XP level 12. HP: 96/96 MP: 18/28
  4574 | D        | Noticed a deep troll shaman
  4578 | D        | Noticed a fire giant
  4581 | D        | Killed a tengu warrior
  4582 | D        | Noticed a spriggan air mage
  4584 | D        | Noticed a stone giant
  4586 | D        | Killed a deep troll shaman
  4587 | D        | Reached skill level 21 in Unarmed Combat
  4588 | D        | Killed a fire giant
  4588 | D        | Noticed a fire giant
  4593 | D        | Killed a spriggan air mage
  4597 | D        | Killed a stone giant
  4601 | D        | Killed a fire giant
  4783 | D        | Noticed a bunyip
  4783 | D        | Noticed a bunyip
  4783 | D        | Noticed a bunyip
  4783 | D        | Noticed an alligator
  4786 | D        | Killed an alligator
  4787 | D        | Reached skill level 10 in Stealth
  4787 | D        | Reached skill level 22 in Unarmed Combat
  4788 | D        | Noticed an eleionoma
  4790 | D        | Killed a bunyip
  4791 | D        | Killed an eleionoma
  4803 | D        | Killed a bunyip
  4805 | D        | Killed a bunyip
  4806 | D        | Reached XP level 13. HP: 66/104 MP: 25/30
  5052 | D        | Reached skill level 23 in Unarmed Combat
  5057 | D        | Noticed a nagaraja
  5069 | D        | Reached skill level 10 in Dodging
  5076 | D        | Killed a nagaraja
  5303 | D        | Bought a book of Weapons for 532 gold pieces
  5309 | D        | Learned a level 5 spell: Blade Hands
  5332 | D        | Noticed an entropy weaver
  5333 | D        | Reached skill level 24 in Unarmed Combat
  5348 | D        | Killed an entropy weaver
  5351 | D        | Mangled by an entropy weaver simulacrum

Illustrated notes

Levels and vault maps discovered:
D:        linesprint [early_d, line_temple, items_1, d_10, items_2, lair_1,
          lair_end, items_3, orc_1, orc_end, items_4, d_15, swamp_1, shoals_1,
          snake_1, spider_1, d_20, vaults_1, items_5, swamp_end, shoals_end,
          snake_end, spider_end, vaults_end, d_27, items_6, zot_1, zot_end,
          crypt_end, forest_end, elf_end, slime_end, tomb_end, abyss_end,
          pan_hell_end]

Skill      XL: |  1  2  3  4  5  6  7  8  9 10 11 12 13 |
---------------+----------------------------------------+-----
Dodging        | 2 3 4 5 6 7 8 9 10 | 10.4
Unarmed Combat | 4 7 9 10 12 13 14 16 18 20 22 24 | 24.2
Spellcasting   | 4 5 6 7 8 9 10 12 13 14 | 14.3
Transmutations | 3 4 5 6 7 8 9 10 11 13 14 | 14.1
Stealth        | 1 2 4 5 8 10 11 | 11.1
Ice Magic      | 1 2 3 5 6 7 8 |  8.0
Fighting       | 2 3 5 6 7 |  7.1
Evocations     | 1 3 |  3.4
Poison Magic   | 1 2 |  2.7

Action                   |  1- 3 |  4- 6 |  7- 9 | 10-12 | 13-15 || total
-------------------------+-------+-------+-------+-------+-------++-------
Melee: Unarmed           |    24 |    26 |    33 |   181 |    42 ||   306
       Tailslap          |     2 |     1 |       |    17 |     7 ||    27
       Kick              |     3 |     2 |       |     5 |       ||    10
       Headbutt          |       |     3 |       |     4 |       ||     7
       Punch             |       |       |       |     9 |     8 ||    17
       Bite              |       |       |       |     3 |     3 ||     6
 Cast: Beastly Appendage |     2 |     1 |       |     3 |       ||     6
       Ice Form          |       |     1 |     4 |    10 |       ||    15
       Wereblood         |       |       |     2 |     8 |     1 ||    11
       Dragon Form       |       |       |       |     2 |     2 ||     4
       Spider Form       |       |       |       |     1 |       ||     1
Invok: Call Merchant     |       |       |       |       |     1 ||     1
 Abil: Breathe Noxious F |       |       |     3 |    12 |     1 ||    16
Evoke: Wand              |       |       |       |     5 |       ||     5
  Use: Potion            |     1 |     5 |       |     2 |       ||     8
       Scroll            |       |       |       |     2 |       ||     2
 Stab: Confused          |       |       |     1 |    14 |     3 ||    18
       Distracted        |       |       |       |     2 |     3 ||     5
Armor: Skin              |     5 |     3 |    13 |    27 |    12 ||    60
Dodge: Dodged            |    10 |    11 |    10 |    62 |    17 ||   110

Table legend: (Time is in decaauts)
 A = Elapsed time spent in this place.
 B = Non-inter-level travel time spent in this place.
 C = Inter-level travel time spent in this place.
 D = Time resting spent in this place.
 E = Time spent auto-exploring this place.
 F = Levels seen in this place.
 G = Mean time per level.
                   A        B        C        D        E       F      G
               +--------+--------+--------+--------+--------+-----+--------+
         Total |   5238 |   5238 |      0 |   3368 |    723 |   1 | 5238.0 |
       Dungeon |   5238 |   5238 |      0 |   3368 |    723 |   1 | 5238.0 |
               +--------+--------+--------+--------+--------+-----+--------+

Top non-repeatable levels by time:
       D: 5238 daAuts
